 Dungeon Crawl Stone Soup version 0.31-a0-361-g0f8bd3a31e (webtiles) character file.

Game seed: 11417822299996677136

95 CrazyBamboolord the Ruffian (level 4, 0/36 HPs)
             Began as a Draconian Shapeshifter on July 27, 2023.
             Killed by nerve-wracking pain
             ... invoked by Grinder
              (2 damage)
             ... on level 3 of the Dungeon.
             The game lasted 00:02:30 (1874 turns).

CrazyBamboolord the Ruffian (DrSh)                  Turns: 1874, Time: 00:02:31

Health: 0/36       AC:  5    Str: 19    XL:     4   Next: 39%
Magic:  4/4        EV: 12    Int:  9    God:
Gold:   59         SH:  0    Dex: 11    Spells: 3/3 levels left

rFire   . .          .
                       - Unarmed
rCold   . . .        (no shield)
rNeg    . . .        (body armour unavailable)
rPois   .            (helmet currently unavailable)
rElec   .            (cloak currently unavailable)
rCorr   .            (gloves currently unavailable)
SInv    .            (boots currently unavailable)
Will    .....        (no amulet)
Stlth   +            (no ring)
HPRegen 0.26/turn    (no ring)
MPRegen 0.09/turn

%: no passive effects
@: mighty, beast-form, hasted, very quick
A: beast (slay +2), AC +5, unfitting armour, cold-blooded
a: Begin Untransformation


You were on level 3 of the Dungeon.
You were a hulking beast.
You visited 1 branch of the dungeon, and saw 3 of its levels.

You collected 59 gold pieces.

Inventory:

Talismans
 b - a beast talisman
Scrolls
 d - a scroll of fog {unknown}
 g - 2 scrolls of fear
Potions
 a - 2 potions of lignification
 e - a potion of magic
 h - a potion of brilliance {unknown}
 i - a potion of enlightenment {unknown}
 j - a potion of heal wounds {unknown}


   Skills:
 * Level 1.6 Fighting
 * Level 2.2 Dodging
 * Level 4.0 Unarmed Combat
 * Level 3.7 Shapeshifting


You had 3 spell levels left.
You didn't know any spells.
Your spell library contained the following spells:

 Spells                   Type           Power      Damage    Failure   Level
 Magic Dart               Conj           0%         1d3       38%         1
 Shock                    Conj/Air       0%         1d3       38%         1
 Call Imp                 Summ           0%         N/A       52%         2
 Ensorcelled Hibernation  Hex/Ice        0%         N/A       52%         2
 Passwall                 Tmut/Erth      0%         N/A       52%         2
 Mephitic Cloud           Conj/Pois/Air  0%         N/A       77%         3
 Swiftness                Air            0%         N/A       77%         3
 Airstrike                Air            0%         2d(0-16)  99%         4


Dungeon Overview and Level Annotations

Branches:
Dungeon (3/15)

Altars:

Annotations:
D:3 Grinder


Innate Abilities, Weirdness & Mutations

You are a hulking beast.
Your limbs bulge with bestial killing power. (Slay +2)
Your plain brown scales are hard. (AC +5)
You cannot fit into any form of body armour.
You are cold-blooded and may be slowed by cold attacks.


Message History

The hobgoblin attacks as you move away! The hobgoblin misses you.
You punch the hobgoblin!
You kill the hobgoblin!
You see here a hobgoblin corpse.
You closely miss Grinder.
You tail-slap Grinder, but do no damage.
Grinder is lightly wounded.
Grinder hits you.
You writhe in agony.
You barely miss Grinder. You tail-slap Grinder!
Grinder is moderately wounded.
Grinder hits you.
You writhe in agony.
You barely miss Grinder.
Grinder is moderately wounded.
Grinder gestures at you.
You suddenly lose the ability to move!
Grinder hits you.
You writhe in agony.
Grinder blinks!
Grinder gestures at you.
You barely resist.
You can move again.
Unknown command.
It was a potion of might.
You feel very mighty all of a sudden. Grinder closely misses you.
You punch Grinder!
Your tail-slap misses Grinder.
Grinder is heavily wounded.
Grinder blinks!
Grinder gestures at you. Pain shoots through your body!
* * * LOW HITPOINT WARNING * * *
Unknown command.
Grinder hits you.
* * * LOW HITPOINT WARNING * * *
You writhe in agony.
* * * LOW HITPOINT WARNING * * *
Unknown command.
It was a potion of haste.
You feel yourself speed up. Grinder gestures at you.
Pain shoots through your body!
You die...

# ##.#...#####
#.#
#..........#
#.#
#.######.#>###
#).....#†# #
#....# #
#..###.# #..#
.. #..#.#..#
#.h.....#
#......5.......
...#..#.####.##
# #.)... #
##.#.# #.#.#
#.# #.#


You could see Grinder.

Vanquished Creatures
  An iguana (D:3)
  A gnoll (D:1)
  3 adders
  A bat (D:1)
  3 endoplasms
  3 giant cockroaches
  2 goblins (D:1)
  2 hobgoblins
  7 kobolds
  2 quokkas
  4 ball pythons
  2 frilled lizards
  A rat (D:3)
32 creatures vanquished.

Notes
Turn   | Place    | Note
-------+----------+-------------------------------------------
     0 | D:1      | CrazyBamboolord the Draconian Shapeshifter began the quest
                  | for the Orb.
     0 | D:1      | Reached XP level 1. HP: 16/16 MP: 1/1
   195 | D:1      | Reached XP level 2. HP: 23/23 MP: 2/2
   543 | D:1      | Found a faded altar of an unknown god.
   556 | D:1      | Reached XP level 3. HP: 27/28 MP: 3/3
  1605 | D:3      | Reached skill level 4 in Unarmed Combat
  1605 | D:3      | Reached XP level 4. HP: 8/36 MP: 4/4
  1849 | D:3      | Noticed Grinder
  1851 | D:3      | Paralysed by Grinder for 2 turns
  1863 | D:3      | Paralysed by Grinder for 3 turns
  1874 | D:3      | Killed from afar by Grinder

Illustrated notes

Levels and vault maps discovered:
D:1:      scummos_arrival_forest, layout_loops_ring, serial_forest,
          infiniplex_forest_straight_4, infiniplex_forest_zigzag_2,
          infiniplex_forest_fountain, infiniplex_forest_lined_1,
          infiniplex_forest_lined_corner, infiniplex_forest_zigzag_2,
          infiniplex_forest_clump_diagonal, nicolae_ecumenical_snake_handling
D:2:      layout_loops_cross
D:3:      minmay_recursive_quarters, layout_basic,
          chequers_temple_overflow_minitemple, uniq_grinder

Skill      XL: |  1  2  3 |
---------------+----------+-----
Dodging        | 2 |  2.2
Unarmed Combat | 4 |  4.0
Fighting       | |  1.6
Shapeshifting  | |  3.7

Action                     |  1- 3 |  4- 6 || total
---------------------------+-------+-------++-------
  Melee: Unarmed           |    88 |     8 ||    96
         Tailslap          |     6 |     3 ||     9
         Punch             |     1 |       ||     1
    Use: Scroll            |     3 |       ||     3
         Potion            |       |     2 ||     2
   Stab: Sleeping          |     2 |       ||     2
 Armour: Skin              |    22 |     2 ||    24
  Dodge: Dodged            |    50 |     4 ||    54

Table legend: (Time is in decaauts)
 A = Elapsed time spent in this place.
 B = Non-inter-level travel time spent in this place.
 C = Inter-level travel time spent in this place.
 D = Time resting spent in this place.
 E = Time spent auto-exploring this place.
 F = Levels seen in this place.
 G = Mean time per level.
                   A        B        C        D        E       F      G
               +--------+--------+--------+--------+--------+-----+--------+
         Total |   1867 |   1807 |     60 |      0 |   1579 |   3 |  622.3 |
       Dungeon |   1867 |   1807 |     60 |      0 |   1579 |   3 |  622.3 |
               +--------+--------+--------+--------+--------+-----+--------+

Top non-repeatable levels by time:
     D:1: 887 daAuts
     D:2: 600 daAuts
     D:3: 379 daAuts
